 Dungeon Crawl Stone Soup version 0.25-a0-102-gbfa96ce22d (webtiles) character file.

Game seed: 13122419031209250448, levelgen mode: deterministic

100 vurker the Magician (level 4, -3/32 HPs)
             Began as a Mummy Fire Elementalist on Nov 15, 2019.
             Slain by Crazy Yiuf
             ... wielding a +3 quarterstaff of chaos
              (15 damage)
             ... on level 2 of the Dungeon.
             The game lasted 00:02:54 (2765 turns).

vurker the Magician (Mummy Fire Elementalist)       Turns: 2765, Time: 00:02:54

Health: -3/32      AC:  2    Str: 11    XL:     4   Next: 47%
Magic:  6/9        EV: 12    Int: 15    God:
Gold:   129        SH:  0    Dex: 12    Spells: 9/10 levels left

rFire    x . .     SeeInvis .   e - +2 dagger (drain)
rCold    + . .     Gourm    .   (no shield)
rNeg     + + +     Faith    .   a - +0 robe
rPois    ∞         Spirit   .   (no helmet)
rElec    .         Reflect  .   (no cloak)
rCorr    .         Harm     .   (no gloves)
MR       .....                  (no boots)
Stlth    ++........             (no amulet)
HPRegen  0.10/turn              (no ring)
MPRegen  0.11/turn              (no ring)

@: no status effects
A: no food or potions, fire vulnerability, cold resistance 1, negative energy
resistance 3, torment resistance, unbreathing
a: no special abilities


You were on level 2 of the Dungeon.
You were not hungry.

You visited 1 branch of the dungeon, and saw 2 of its levels.

You collected 129 gold pieces.

Inventory:

Hand Weapons
 e - a +2 dagger of draining (weapon)
   (You found it on level 2 of the Dungeon)
Armour
 a - a +0 robe (worn)
 d - a +0 buckler
   (You found it on level 1 of the Dungeon)
Jewellery
 c - an uncursed ring of flight {unknown}
   (You found it on level 2 of the Dungeon)
Scrolls
 b - 4 scrolls of identify
 f - a scroll of fear


   Skills:
 + Level 1.1 Fighting
 - Level 1.5 Dodging
 - Level 1.5 Stealth
 + Level 0.6 Shields
 * Level 3.8 Spellcasting
 * Level 1.8 Conjurations
 * Level 3.0 Fire Magic


You had 9 spell levels left.
You knew the following spells:

 Your Spells              Type           Power        Failure   Level  Hunger
a - Flame Tongue          Conj/Fire      ##...        7%          1    N/A

Your spell library contained the following spells:

 Spells                   Type           Power        Failure   Level  Hunger
 Throw Flame              Conj/Fire      ##....       10%         2    N/A
 Conjure Flame            Conj/Fire      ##......     21%         3    N/A
 Inner Flame              Hex/Fire       #.......     28%         3    N/A
 Sticky Flame             Conj/Fire      ##......     54%         4    N/A
 Fireball                 Conj/Fire      ##........   88%         5    N/A

Dungeon Overview and Level Annotations

Branches:
Dungeon (2/15)

Altars:

Annotations:
D:2 Crazy Yiuf


Innate Abilities, Weirdness & Mutations

You do not eat or drink.
Your flesh is vulnerable to fire.
You are immune to poison.
Your flesh is cold resistant. (rC+)
You are immune to negative energy. (rN+++)
You are immune to unholy pain and torment.
You can survive without breathing.


Message History

Found a stone staircase leading up.
You see here a ration.
b - 3 scrolls of identify (gained 1)
Found 27 stones.
An adder comes into view.
The adder hisses angrily.
The adder misses you. The adder bites you but does no damage.
Aim: an adder The flame tongue hits the adder.
The adder misses you.
Aim: an adder (heavily wounded)
The flame tongue misses the adder.
The adder barely misses you.
Aim: an adder (heavily wounded)
You miscast Flame Tongue.
You are very lightly contaminated with residual magic.
Strange energies run through your body. The adder misses you.
Aim: an adder (heavily wounded)
The flame tongue hits the adder.
The adder closely misses you. The adder bites you but does no damage.
Aim: an adder (almost dead)
The flame tongue hits the adder.
You kill the adder!
You can't see any susceptible monsters within range! (Use Z to cast anyway.)
Your magical contamination has completely faded away.
Found a scroll of identify.
Found a ration.
Found a ration.
There is an open door here.
b - 4 scrolls of identify (gained 1)
You see here a ration.
There is an open door here.
There is an open door here.
There is an open door here.
You see here 28 stones.
There is a stone staircase leading up here.
Crazy Yiuf shouts!
You open the door.
Aim: Crazy Yiuf, wielding a +3 quarterstaff of chaos and wearing a +1 cloak The flame tongue hits Crazy Yiuf.
Crazy Yiuf hits you with a +3 quarterstaff of chaos!
Crazy Yiuf freezes you.
Aim: Crazy Yiuf, wielding a +3 quarterstaff of chaos and wearing a +1 cloak (lightly wounded)
The flame tongue hits Crazy Yiuf.
Crazy Yiuf hits you with a +3 quarterstaff of chaos.
* * * LOW HITPOINT WARNING * * *
Crazy Yiuf burns you.
* * * LOW HITPOINT WARNING * * *
Aim: Crazy Yiuf, wielding a +3 quarterstaff of chaos and wearing a +1 cloak (moderately wounded)
The flame tongue hits Crazy Yiuf.
Crazy Yiuf hits you with a +3 quarterstaff of chaos!
You die...

...........#
#....###<..####....
...........# ##..##
#......'.)..
....###?..%# #....#
#...####....
....##..#..# ##...#
#....# ##...
..#.##.###.# ##.##
####.# ##..
.##.##.# #.# ##.#
#.# ##.
..#.##.###.# #.##
#.# ## #.#........#
##.# ####.# #
#.####.##### #@##
#....### # .......#
#g# #......#####
..###..# ...
######......
..###..# #...#
#####.. .......#
#)..# ##( .......#
##### ## #.###.## #
(.###.# # ......# #


You could see Crazy Yiuf.

Vanquished Creatures
  Natasha (D:2)
  2 adders (D:2)
  4 worms (D:2)
  A dart slug (D:1)
  A leopard gecko (D:2)
  3 bats
  3 giant cockroaches
  6 goblins
  6 hobgoblins
  2 quokkas (D:2)
  5 frilled lizards
  3 kobolds
  8 rats
45 creatures vanquished.

Notes
Turn   | Place    | Note
-------+----------+-------------------------------------------
     0 | D:1      | vurker the Mummy Fire Elementalist began the quest for the
                  | Orb.
     0 | D:1      | Reached XP level 1. HP: 13/13 MP: 4/4
   146 | D:1      | Reached skill level 1 in Conjurations
   308 | D:1      | Reached XP level 2. HP: 19/19 MP: 2/5
  1361 | D:2      | Reached XP level 3. HP: 25/25 MP: 3/7
  1775 | D:2      | Found a runed translucent door.
  1776 | D:2      | Noticed Crazy Yiuf
  2025 | D:2      | Noticed Natasha
  2036 | D:2      | Killed Natasha
  2036 | D:2      | Reached skill level 1 in Fighting
  2036 | D:2      | Reached XP level 4. HP: 20/32 MP: 1/9
  2765 | D:2      | Slain by Crazy Yiuf

Levels and vault maps discovered:
D:1:      dpeg_arrival_erosion, layout_basic
D:2:      layout_loops_corners, minmay_tromino_mix6, uniq_crazy_yiuf_cottage,
          uniq_natasha

Skill      XL: |  1  2  3 |
---------------+----------+-----
Conjurations   | 1 |  1.8
Spellcasting   | 3 |  3.8
Fighting       | 1 |  1.1
Fire Magic     | 3 |  3.0
Dodging        | |  1.5
Stealth        | |  1.5
Shields        | |  0.6

Action                   |  1- 3 |  4- 6 || total
-------------------------+-------+-------++-------
Melee: Dagger            |     2 |     3 ||     5
 Cast: Flame Tongue      |    65 |    24 ||    89
  Use: Scroll            |       |     3 ||     3
Armor: Robe              |     6 |     2 ||     8
Dodge: Dodged            |    16 |     6 ||    22

Table legend:
 A = Non-vault XP
 B = Vault XP
 C = Vault XP percentage of total XP
 D = Non-vault monster count
 E = Vault monster count
 F = Vault count percentage of total count
                 A         B        C        D         E       F
            +---------+---------+-------+---------+---------+-------
      Total |      99 |      45 |  31.2 |      40 |       5 |  11.1
            +---------+---------+-------+---------+---------+-------
        D:1 |      36 |       0 |   0.0 |      22 |       0 |   0.0
        D:2 |      63 |      45 |  41.7 |      18 |       5 |  21.7
            +---------+---------+-------+---------+---------+-------
